 Dungeon Crawl Stone Soup version 0.29-a0-284-gf9362112df (webtiles) character file.

Game seed: 8901300600731316303

6230 bande the Cleaver (level 10, -9/64 HPs)
             Began as a Gargoyle Fighter on Mar 25, 2022.
             Was a Follower of Okawaru.
             Mangled by a seven-headed hydra (11 damage)
             ... on level 9 of the Dungeon.
             The game lasted 00:18:13 (9067 turns).

bande the Cleaver (Gargoyle Fighter)                Turns: 9067, Time: 00:18:13

Health: -9/64      AC: 29    Str: 25    XL:     10   Next: 92%
Magic:  12/12      EV:  8    Int: 10    God:    Okawaru [*.....]
Gold:   682        SH:  6    Dex: 16    Spells: 9/9 levels left

rFire   + . .      SeeInvis +   f - +1 mace (protect)
rCold   + . .      Faith    .   c - +0 buckler
rNeg    + . .      Spirit   .   o - +0 chain mail
rPois   ∞          Reflect  .   (no helmet)
rElec   +          Harm     .   (no cloak)
rCorr   .          Rampage  +   n - +1 pair of gloves
Will    .....                   (no boots)
Stlth   ..........              b - amulet of Ijacurer {Rampage Regen+ Dex+3 SInv}
HPRegen 1.00/turn               w - ring of protection from cold
MPRegen 0.13/turn               u - +6 ring of strength

@: mighty, under a protective aura
A: sickness immunity, AC +7, negative energy resistance 1, electricity
resistance, torment resistance 1, petrification resistance, iridescent scales 1,
fire resistance 1
a: Renounce Religion, Heroism


You were on level 9 of the Dungeon.
You worshipped Okawaru.
Okawaru was aware of your devotion.
You visited 2 branches of the dungeon, and saw 10 of its levels.

You collected 682 gold pieces.

Inventory:

Hand Weapons
 a - a +1 war axe of electrocution
 f - a +1 mace of protection (weapon)
 t - a +2 hand axe of electrocution
Armour
 c - a +0 buckler (worn)
 n - a +1 pair of gloves (worn)
 o - a +0 chain mail (worn)
Jewellery
 b - the amulet of Ijacurer (around neck) {Rampage Regen+ Dex+3 SInv}
   (You acquired it on level 3 of the Dungeon)

   [amulet of regeneration]

   Dex:       It affects your dexterity (+3).
   SInv:      It lets you see invisible.
   Regen:     It increases your rate of health regeneration.
   Rampage:   It bestows one free step when moving towards enemies.
 k - a ring of magical power
 u - a +6 ring of strength (right hand)
 w - a ring of protection from cold (left hand)
Wands
 x - a wand of acid (11)
 z - a wand of polymorph (4)
Scrolls
 e - 2 scrolls of enchant weapon
 p - a scroll of amnesia
 q - 2 scrolls of fear
 s - 2 scrolls of fog
 y - 2 scrolls of identify
 A - a scroll of teleportation
Potions
 d - a potion of might
 g - 3 potions of curing
 h - 4 potions of brilliance
 j - 2 potions of invisibility
 l - a potion of berserk rage
 m - a potion of magic
 r - a potion of haste


   Skills:
 + Level 8.2 Fighting
 + Level 9.9 Axes
 + Level 9.1 Armour
 + Level 6.2 Shields
 * Level 2.6 Invocations
 * Level 3.0 Evocations


You had 9 spell levels left.
You didn't know any spells.
Your spell library contained the following spells:

 Spells                   Type           Power      Damage    Failure   Level
 Beastly Appendage        Tmut           0%         N/A       94%         1
 Pain                     Necr           0%         1d4       94%         1
 Wereblood                Tmut           0%         N/A       98%         2
 Conjure Flame            Conj/Fire      0%         6-21      100%        3
 Ignite Poison            Fire/Tmut/Pois 0%         N/A       100%        3
 Ozocubu's Armour         Ice            0%         N/A       100%        3
 Spider Form              Tmut/Pois      0%         N/A       100%        3
 Vampiric Draining        Necr           0%         2d6       100%        3
 Sticky Flame             Conj/Fire      0%         2d3       100%        4
 Metabolic Englaciation   Hex/Ice        0%         N/A       100%        5
 Storm Form               Tmut/Air       0%         N/A       100%        7
 Maxwell's Capacitive Co  Air            0%         ∞         100%        8
 Animate Skeleton         Necr           Unusable   N/A       N/A         1
 Summon Lightning Spire   Summ/Air       Unusable   N/A       N/A         4
 Simulacrum               Ice/Necr       Unusable   N/A       N/A         6

Dungeon Overview and Level Annotations

Branches:
Dungeon (9/15)             Temple (1/1) D:7
   Lair: D:8-11         Orc: D:9-12

Altars:
Ashenzari
Cheibriados
Dithmenos
Elyvilon
Fedhas
Hepliaklqana
Kikubaaqudgha
Makhleb
Nemelex Xobeh
Okawaru
Qazlal
Ru
Sif Muna
Trog
Uskayaw
Vehumet
Wu Jian
Xom
Yredelemnul
The Shining One

Shops:
D:7 [

Annotations:
D:9 3 runed translucent doors, Cecur's ghost, novice FoFi


Innate Abilities, Weirdness & Mutations

You are immune to sickness and miasma.
Your stone body is resilient. (AC +7)
You are immune to poison.
You resist negative energy. (rN+)
You are resistant to electric shocks. (rElec)
You are resistant to unholy torment.
You are immune to petrification.
You are partially covered in iridescent scales. (AC +2)
Your flesh is heat resistant. (rF+)


Message History

The seven-headed hydra closely misses you.
The seven-headed hydra bites you but does no damage.
You block the seven-headed hydra's attack.
The seven-headed hydra bites you but does no damage.
You block the seven-headed hydra's attack.
The seven-headed hydra bites you but does no damage. x2
You hit the seven-headed hydra.
The seven-headed hydra is heavily wounded.
The seven-headed hydra bites you!
* * * LOW HITPOINT WARNING * * *
The seven-headed hydra closely misses you.
The seven-headed hydra barely misses you.
The seven-headed hydra bites you but does no damage. x2
The seven-headed hydra bites you.
* * * LOW HITPOINT WARNING * * *
You block the seven-headed hydra's attack.
You feel better.
You block the seven-headed hydra's attack. x2
The seven-headed hydra bites you but does no damage. x5
You feel very mighty all of a sudden.
You block the seven-headed hydra's attack.
The seven-headed hydra bites you.
* * * LOW HITPOINT WARNING * * *
You block the seven-headed hydra's attack. x2
The seven-headed hydra closely misses you.
The seven-headed hydra bites you.
* * * LOW HITPOINT WARNING * * *
The seven-headed hydra bites you but does no damage.
You thump the seven-headed hydra!
The seven-headed hydra is severely wounded.
The seven-headed hydra bites you but does no damage.
The seven-headed hydra bites you!
* * * LOW HITPOINT WARNING * * *
The seven-headed hydra bites you but does no damage.
You block the seven-headed hydra's attack.
The seven-headed hydra bites you but does no damage. x3
You sock the seven-headed hydra!
The seven-headed hydra is severely wounded.
The seven-headed hydra bites you!
You die...

#.......#§≈≈# ....
#.......#≈≈≈# ....
#.....##'...### ....
#....##.......##....
#....#...###...#
#...##..##.##..##
#...#...#...#...#
#...#..##...##..#
#..@#..#.._..#..#
#..D#..#.....#..#
#...##.........##
#....###.....###
#.... ####### ######


You could see a seven-headed hydra.

Vanquished Creatures
  A wyvern (D:7)
  Sigmund (D:6)
  Eustachio (D:6)
  13 yaks
  2 water moccasins
  2 orc warriors
  An ice beast (D:7)
  5 black bears
  4 ogres
  3 centaurs
  A phantom (D:6)
  2 kobold brigands (D:8)
  A necrophage (D:6)
  7 bullfrogs
  4 scorpions
  A wyvern zombie (D:6)
  2 wights
  6 killer bees (D:9)
  A howler monkey (D:7)
  An electric eel (D:8)
  4 bullfrog zombies (D:6)
  2 hounds
  A human zombie (D:6)
  6 orc priests
  A jelly (D:7)
  6 iguanas
  Terence (D:3)
  9 orc wizards
  A killer bee zombie (D:6)
  3 mummies (D:6)
  A howler monkey zombie (D:6)
  6 adders
  2 shadow imps
  2 white imps
  An ufetubus (D:7)
  3 worms
  20 orcs
  7 ball pythons
  5 bats
  5 endoplasms
  7 giant cockroaches
  3 goblins
  5 hobgoblins
  7 jackals (D:1)
  16 kobolds
  6 quokkas
  4 frilled lizards
  4 rats
197 creatures vanquished.

Vanquished Creatures (others)
  An orc warrior (D:8)
  A wight (D:8)
  An orc wizard (D:8)
  An orc (D:8)
  12 plants (D:3)
16 creatures vanquished.

Grand Total: 213 creatures vanquished

Notes
Turn   | Place    | Note
-------+----------+-------------------------------------------
     0 | D:1      | bande the Gargoyle Fighter began the quest for the Orb.
     0 | D:1      | Reached XP level 1. HP: 14/14 MP: 1/1
   254 | D:1      | Found a faded altar of an unknown god.
   313 | D:1      | Reached XP level 2. HP: 13/19 MP: 2/2
   785 | D:1      | Reached XP level 3. HP: 23/23 MP: 3/3
  1433 | D:2      | Reached XP level 4. HP: 25/29 MP: 4/4
  2185 | D:3      | Noticed Terence
  2199 | D:3      | Killed Terence
  2523 | D:3      | Identified a scroll of acquirement
  2523 | D:3      | Acquired the amulet of Ijacurer {Rampage Regen+ Dex+3 SInv}
  2548 | D:3      | Found a snail-covered altar of Cheibriados.
  2728 | D:3      | Noticed a scorpion
  2746 | D:3      | Killed a scorpion
  2747 | D:3      | Reached XP level 5. HP: 33/33 MP: 5/5
  3188 | D:4      | Reached XP level 6. HP: 38/38 MP: 6/6
  3273 | D:4      | Noticed a black bear
  3281 | D:4      | Killed a black bear
  3353 | D:4      | Reached skill level 5 in Armour
  3353 | D:4      | Reached XP level 7. HP: 26/44 MP: 7/7
  3833 | D:5      | Entered Level 5 of the Dungeon
  4300 | D:5      | Reached skill level 5 in Axes
  4545 | D:5      | Reached skill level 5 in Fighting
  4632 | D:5      | Reached XP level 8. HP: 49/49 MP: 8/8
  5076 | D:6      | Found a blossoming altar of Fedhas.
  5095 | D:6      | Noticed Eustachio
  5114 | D:6      | Noticed a yak
  5114 | D:6      | Noticed a yak
  5117 | D:6      | Killed Eustachio
  5132 | D:6      | Noticed a yak
  5150 | D:6      | Killed a yak
  5162 | D:6      | Killed a yak
  5169 | D:6      | Killed a yak
  5198 | D:6      | Reached skill level 5 in Shields
  5198 | D:6      | Reached XP level 9. HP: 52/55 MP: 9/9
  5475 | D:6      | Found a hazy altar of Hepliaklqana.
  5500 | D:6      | Noticed Sigmund
  5503 | D:6      | Killed Sigmund
  5979 | D:6      | Found a basalt altar of Yredelemnul.
  6279 | D:7      | Found a bloodstained altar of Trog.
  6352 | D:7      | Reached XP level 10. HP: 63/63 MP: 10/10
  6373 | D:7      | Found a stormy altar of Qazlal.
  6419 | D:7      | Found Geikh's Armour Boutique.
  6461 | D:7      | Reached skill level 1 in Evocations
  6810 | D:7      | Found an ornate altar of the Wu Jian Council.
  6906 | D:7      | Found a staircase to the Ecumenical Temple.
  6918 | Temple   | Entered the Ecumenical Temple
  6934 | Temple   | Became a worshipper of Warmaster Okawaru
  7596 | D:8      | Reached skill level 1 in Invocations
  8097 | D:8      | Found a sacrificial altar of Ru.
  8319 | D:8      | Reached * piety under Okawaru
  8669 | D:9      | Found a broken altar of Ashenzari.
  8686 | D:9      | Found a large runed translucent door.
  8689 | D:9      | Found a large runed translucent door.
  8691 | D:9      | Noticed Cecur's ghost (novice FoFi)
  8716 | D:9      | Found a runed translucent door.
  8791 | D:9      | Gained mutation: You are partially covered in iridescent
                  | scales. (AC +2) [potion of mutation]
  8791 | D:9      | Gained mutation: Your flesh is heat resistant. (rF+)
                  | [potion of mutation]
  8998 | D:9      | Found an ancient bone altar of Kikubaaqudgha.
  9028 | D:9      | Found a shadowy altar of Dithmenos.
  9051 | D:9      | Noticed a seven-headed hydra
  9066 | D:9      | HP: 1/64 [seven-headed hydra (7)]
  9067 | D:9      | Mangled by a seven-headed hydra

Illustrated notes

Levels and vault maps discovered:
D:1:      dpeg_arrival_prison, layout_basic,
          shapermc_ecumenical_altar_notcrosses, minmay_box_of_dots
D:2:      layout_rooms, minmay_misc_feat_alley
D:3:      layout_rooms, mainiacjoe_overflow_chevrons, serial_bayou_lake_a,
          uniq_terence
D:4:      layout_loops_ring
D:5:      layout_cave_pods, kennysheep_pointless_box
D:6:      layout_gridville, amcnicky_altar_gilded, lemuel_doored_altar,
          lemuel_mausoleum_altar_yredelemnul, grunt_decor_cap, uniq_sigmund,
          uniq_eustachio
D:7:      layout_loops_ring, pdpol_wu_jian_five_deadly_venoms,
          mainiacjoe_overflow_catch_the_wave, minmay_temple_entry_offerings,
          serial_shops, nicolae_shop_statue_plus, minmay_joined_circles
D:8:      layout_gridville, nicolae_overflow_crystal_walls, serial_rivers,
          chequers_serial_rivers_micro_b, chequers_serial_rivers_large_b,
          chequers_serial_rivers_micro_a, chequers_serial_rivers_room_a,
          nicolae_lava_and_water, kennysheep_another_room, lemuel_flamethrower_2
D:9:      cheibrodos_histonic, layout_long_grid, nicolae_ashenzari_skybound,
          old_standard_altar, mainiacjoe_overflow_two_lobes,
          ebering_ghost_disaster_area, moated_statue
Temple:   jpeg_temple_island

Skill      XL: |  1  2  3  4  5  6  7  8  9 10 |
---------------+-------------------------------+-----
Axes           | 2 3 4 5 7 8 9 |  9.9
Armour         | 4 5 7 8 9 |  9.1
Fighting       | 4 5 6 7 8 |  8.2
Shields        | 4 5 6 |  6.2
Evocations     | 3 |  3.0
Invocations    | 2 |  2.6

Action                   |  1- 3 |  4- 6 |  7- 9 | 10-12 || total
-------------------------+-------+-------+-------+-------++-------
Melee: War axe           |    82 |    42 |       |       ||   124
       Hand axe          |       |    58 |   296 |   264 ||   618
       Mace              |       |       |       |    11 ||    11
  Use: Scroll            |     3 |     6 |     9 |     7 ||    25
       Potion            |       |       |       |     4 ||     4
Armor: Scale mail        |    50 |    12 |       |       ||    62
       Chain mail        |       |    37 |   186 |   188 ||   411
Dodge: Dodged            |    53 |    32 |    99 |    90 ||   274
Block: Buckler           |    17 |    29 |    49 |    87 ||   182

Table legend: (Time is in decaauts)
 A = Elapsed time spent in this place.
 B = Non-inter-level travel time spent in this place.
 C = Inter-level travel time spent in this place.
 D = Time resting spent in this place.
 E = Time spent auto-exploring this place.
 F = Levels seen in this place.
 G = Mean time per level.
                   A        B        C        D        E       F      G
               +--------+--------+--------+--------+--------+-----+--------+
         Total |   9173 |   8965 |    208 |   1842 |   5190 |  10 |  917.3 |
       Dungeon |   9139 |   8931 |    208 |   1842 |   5190 |   9 | 1015.4 |
        Temple |     34 |     34 |      0 |      0 |      0 |   1 |   34.0 |
               +--------+--------+--------+--------+--------+-----+--------+

Top non-repeatable levels by time:
     D:8: 1307 daAuts
     D:1: 1214 daAuts
     D:6: 1192 daAuts
     D:4: 1077 daAuts
     D:7: 1039 daAuts
     D:3: 1006 daAuts
     D:2: 960 daAuts
     D:5: 892 daAuts
     D:9: 448 daAuts
  Temple: 34 daAuts
